 Dungeon Crawl Stone Soup version 0.30.1-4-g462c640d31 (webtiles) character file.

Game seed: 1753486265215174899

5189 croobank the Covert (level 10, 0/71 HPs)
             Began as an Octopode Delver on Sept 16, 2023.
             Was an Initiate of Gozag.
             Slain by a yak (14 damage)
             ... on level 9 of the Dungeon.
             The game lasted 00:28:18 (10424 turns).

croobank the Covert (Octopode Delver)              Turns: 10424, Time: 00:28:18

Health: 0/71       AC:  2    Str: 12    XL:     10   Next: 60%
Magic:  16/16      EV: 16    Int: 16    God:    Gozag
Gold:   645        SH:  5    Dex: 14    Spells: 14/17 levels left

rFire   . . .        a - +4 dagger (venom)
rCold   . . .        (no shield)
rNeg    . . .        u - +1 hat
rPois   .            y - amulet of reflection
rElec   .            h - ring of see invisible
rCorr   .            (no ring)
SInv    +            (no ring)
Will    .....        (no ring)
Stlth   ++++++       (no ring)
HPRegen 0.31/turn    (no ring)
MPRegen 0.15/turn    (no ring)
                     (no ring)

%: reflection
@: gold aura
A: almost no armour, amphibious, 8 rings, camouflage 1, gelatinous body 1,
(nimble swimmer 1), tentacles
a: Renounce Religion, Potion Petition, Call Merchant, Bribe Branch


You were on level 9 of the Dungeon.
You worshipped Gozag.
Gozag was pleased with you.
You visited 1 branch of the dungeon, and saw 9 of its levels.

You collected 823 gold pieces.
You spent 78 gold pieces at shops.
You paid 100 gold pieces to Gozag.

Inventory:

Hand Weapons
 a - a +4 dagger of venom (weapon)
 b - a +0 sling
 n - a +0 war axe
 o - a +0 spear of distortion
 w - a +0 trident
 x - a +3 hand axe of protection
 A - a +2 spear of freezing
Missiles
 d - 4 curare-tipped darts (quivered)
 i - 10 poisoned darts
 j - 2 throwing nets
Armour
 u - a +1 hat (worn)
Jewellery
 h - a ring of see invisible (left tentacle)
 y - an amulet of reflection (around mantle)
Wands
 f - a wand of digging (7)
 t - a wand of flame (32)
Scrolls
 c - 4 scrolls of magic mapping
 m - 2 scrolls of amnesia
 r - 2 scrolls of fog
 s - 4 scrolls of identify
 v - a scroll of blinking
 B - 4 scrolls of teleportation
 D - a scroll of vulnerability
Potions
 e - 4 potions of haste
 g - a potion of invisibility
 k - a potion of flight
 l - a potion of lignification
 p - 3 potions of attraction
 q - a potion of curing
 z - 2 potions of cancellation
 C - 3 potions of resistance


   Skills:
 + Level 7.5 Fighting
 + Level 7.1 Short Blades
 + Level 7.0 Dodging
 + Level 11.7 Stealth
 + Level 4.4 Spellcasting
 + Level 4.8 Ice Magic


You had 14 spell levels left.
You knew the following spells:

 Your Spells              Type           Power      Damage    Failure   Level
a - Ozocubu's Armour      Ice            19%        N/A       7%          3

Your spell library contained the following spells:

 Spells                   Type           Power      Damage    Failure   Level
 Ozocubu's Refrigeration  Ice            9%         4d9       100%        7


Dungeon Overview and Level Annotations

Branches:
Dungeon (9/15)             Temple (0/1) D:7
   Lair: D:8-11         Orc: D:9-12

Altars:
Ashenzari
Cheibriados
Gozag
Kikubaaqudgha
Makhleb
Qazlal
Trog
Uskayaw
Vehumet
Xom
Yredelemnul
The Shining One

Shops:
D:3 [   D:7 (

Annotations:
D:2 1 runed translucent door, Crazy Yiuf
D:4 2 transporters, middlethird's ghost, novice FoNe


Innate Abilities, Weirdness & Mutations

You cannot wear most types of armour.
You are amphibious.
You can wear up to eight rings at the same time.
Your skin changes colour to match your surroundings (Stealth+).
Your rubbery body absorbs attacks. (AC +1, EV +1)
((You are camouflaged when in or above water. (Stealth+)))
You have tentacles for arms and can constrict up to eight enemies at once.


Message History

The yak closely misses you.
You hit the yak.
The yak looks as sick as possible!
The yak is heavily wounded.
The yak gores you!
You hit the yak but do no damage.
The yak looks as sick as possible!
You squeeze the yak.
The yak is heavily wounded.
You hit the yak.
The yak is severely wounded.
The yak gores you!
You hit the yak. You squeeze the yak.
The yak is almost dead.
You kill the yak!
Your Dodging skill increases to level 7!
You hit the yak.
The yak is poisoned.
The yak is lightly wounded.
You hit the yak but do no damage. You squeeze the yak.
The yak is lightly wounded.
The yak closely misses you.
You hit the yak.
The yak looks as sick as possible!
Your squeeze misses the yak.
The yak is moderately wounded.
The yak gores you!
You hit the yak.
The yak looks as sick as possible!
The yak is moderately wounded.
You hit the yak but do no damage.
The yak looks as sick as possible!
The yak is moderately wounded.
The yak gores you but does no damage.
You hit the yak.
The yak looks as sick as possible!
The yak is heavily wounded.
You barely miss the yak.
The yak is heavily wounded.
The yak gores you!
* * * LOW HITPOINT WARNING * * *
The yak attacks as you move away! The yak barely misses you.
You hit the yak but do no damage.
The yak looks as sick as possible!
The yak is severely wounded.
The yak gores you!
You die...
Your body crumbles into a pile of gold.

## ## #.###.### ######
#.#..... ....## ##.....#
#...# #...#.#### #...#
#.#......# ####...####
##.#....@Y###.........###
##.....#+#...$.........##.
#.###..# #..##.........##.
#. #..###................
#.###.......#####.......#.
#..........# #....#....
####..#######.# ##...##.#.
#.....## #.# ##..##...
#..#...# #.# #..####.


You could see a yak (extremely poisoned).

Vanquished Creatures
  Pikel (D:8)
  A troll (D:9)
  Grinder (D:4)
  A vampire (D:8)
  A wraith (D:9)
  9 yaks
  A steam dragon (D:9)
  Menkaure (D:4)
  A water moccasin (D:8)
  An ice beast (D:5)
  An orc warrior (D:6)
  5 sky beasts
  2 ogres
  3 centaurs
  A phantom (D:4)
  A kobold brigand (D:8)
  Blork the orc (D:4)
  A bullfrog (D:7)
  A scorpion (D:5)
  A gnoll sergeant (D:8)
  A killer bee (D:9)
  4 jellies
  3 hounds
  6 orc priests
  Jessica (D:2)
  3 iguanas
  A sleepcap (D:5)
  An orc wizard (D:3)
  10 adders
  7 gnolls
  2 shadow imps
  A white imp (D:5)
  3 ufetubi
  3 worms
  3 dart slugs
  26 orcs
  7 ball pythons
  9 endoplasms
  2 giant cockroaches
  7 hobgoblins
  8 jackals
  12 kobolds
  4 quokkas
  4 bats
  6 frilled lizards
  7 goblins
  4 rats
180 creatures vanquished.

Notes
Turn   | Place    | Note
-------+----------+-------------------------------------------
     0 | D:5      | croobank the Octopode Delver began the quest for the Orb.
     0 | D:5      | Reached XP level 1. HP: 16/16 MP: 1/1
    21 | D:5      | Reached XP level 2. HP: 21/21 MP: 2/2
   228 | D:6      | Reached XP level 3. HP: 18/26 MP: 3/3
   591 | D:7      | Noticed a centaur
   769 | D:4      | Reached skill level 7 in Stealth
   897 | D:2      | Reached XP level 4. HP: 20/31 MP: 4/4
  1975 | D:2      | Noticed Jessica
  1982 | D:2      | Killed Jessica
  1983 | D:2      | Reached XP level 5. HP: 37/37 MP: 5/5
  2455 | D:2      | Found a runed translucent door.
  2456 | D:2      | Noticed Crazy Yiuf
  3170 | D:3      | Found Naujum's Armour Shoppe.
  3264 | D:3      | Reached XP level 6. HP: 43/43 MP: 6/6
  3341 | D:3      | Found a hide-covered altar of Uskayaw.
  3506 | D:4      | Reached skill level 8 in Stealth
  3598 | D:4      | Noticed Blork the orc
  3601 | D:4      | Killed Blork the orc
  3646 | D:4      | Reached XP level 7. HP: 22/49 MP: 7/7
  4020 | D:4      | Found a transporter.
  4025 | D:4      | Noticed middlethird's ghost (novice FoNe)
  4057 | D:4      | Found a transporter.
  4105 | D:4      | Noticed a yak
  4106 | D:4      | Noticed a yak
  4106 | D:4      | Noticed a yak
  4109 | D:4      | Noticed a yak
  4350 | D:5      | Reached skill level 5 in Fighting
  4414 | D:5      | Reached skill level 9 in Stealth
  4726 | D:5      | Reached XP level 8. HP: 55/55 MP: 8/8
  4870 | D:4      | Killed a yak
  4874 | D:4      | Reached skill level 5 in Short Blades
  5009 | D:4      | Found a burning altar of Makhleb.
  5009 | D:4      | Noticed Menkaure
  5014 | D:4      | Killed Menkaure
  5015 | D:4      | Reached skill level 5 in Dodging
  5015 | D:4      | Reached skill level 1 in Spellcasting
  5015 | D:4      | Reached skill level 1 in Ice Magic
  5023 | D:4      | Learned a level 3 spell: Ozocubu's Armour
  5139 | D:4      | Noticed Grinder
  5302 | D:4      | Noticed a yak
  5329 | D:5      | Killed a yak
  5594 | D:4      | Killed a yak
  5693 | D:4      | Killed a yak
  5879 | D:4      | Killed a yak
  5880 | D:4      | Reached skill level 10 in Stealth
  5880 | D:4      | Reached XP level 9. HP: 16/62 MP: 12/12
  6836 | D:6      | Found a broken altar of Ashenzari.
  7111 | D:6      | Found an opulent altar of Gozag.
  7244 | D:6      | Became a worshipper of Gozag Ym Sagoz the Greedy
  7405 | D:7      | Found a staircase to the Ecumenical Temple.
  7589 | D:7      | Found Iteutzas's Weapon Shop.
  7595 | D:7      | Bought 5 curare-tipped darts for 78 gold pieces
  7762 | D:7      | Found an ancient bone altar of Kikubaaqudgha.
  7929 | D:7      | Found a snail-covered altar of Cheibriados.
  8326 | D:7      | Found a bloodstained altar of Trog.
  8510 | D:8      | Found a shimmering altar of Xom.
  8510 | D:8      | Found a glowing golden altar of the Shining One.
  8511 | D:8      | Found a radiant altar of Vehumet.
  8512 | D:8      | Found a basalt altar of Yredelemnul.
  8553 | D:8      | Noticed Pikel
  8565 | D:8      | Killed Pikel
  8566 | D:8      | Reached skill level 11 in Stealth
  8640 | D:8      | Reached XP level 10. HP: 48/69 MP: 15/15
  9305 | D:8      | Found a stormy altar of Qazlal.
  9636 | D:4      | Killed Grinder
 10424 | D:9      | Slain by a yak

Illustrated notes

Levels and vault maps discovered:
D:1:      lightli_molten_gateway, layout_loops_ring
D:2:      layout_loops_corners, nrook_mini_vaults, minmay_misc_feat_room,
          roderic_serpentine_path, uniq_crazy_yiuf_cottage, uniq_jessica
D:3:      layout_basic, nicolae_uskayaw_murder_on_the_dancefloor, serial_shops,
          shop
D:4:      layout_loops_ring, lemuel_tele_altar, gammafunk_ghost_stat_death,
          st_stairs_9, kennysheep_generic_room_10, uniq_menkaure, uniq_grinder,
          uniq_blork_the_orc
D:5:      layout_rooms
D:6:      layout_loops_ring, nicolae_ashenzari_skybound,
          nicolae_gozag_seed_capital
D:7:      layout_basic, trog_book, kennysheep_mini, cheibrodos_worm_habitat,
          minmay_temple_entry_gardened_gates, serial_shops, shop,
          minmay_misc_feat_x, st_stairs_6
D:8:      layout_loops_corners, minitemple, mainiacjoe_overflow_cross_hatched,
          uniq_pikel
D:9:      layout_loops_ring, serial_shops, kennysheep_mini_moat, st_stairs_14

Skill      XL: |  1  2  3  4  5  6  7  8  9 10 |
---------------+-------------------------------+-----
Stealth        | 7 8 9 10 11 | 11.7
Short Blades   | 3 4 5 6 7 |  7.1
Dodging        | 3 4 5 6 7 |  7.0
Fighting       | 4 5 6 7 |  7.5
Spellcasting   | 2 3 4 |  4.4
Ice Magic      | 2 4 |  4.8

Action                     |  1- 3 |  4- 6 |  7- 9 | 10-12 || total
---------------------------+-------+-------+-------+-------++-------
  Melee: Short sword       |    41 |    73 |       |       ||   114
         Tentacles         |    15 |    25 |    47 |    21 ||   108
         Constrict         |    13 |    28 |    30 |     6 ||    77
         Dagger            |       |    57 |   204 |    82 ||   343
         Punch             |       |       |     4 |       ||     4
  Throw: Dart              |       |       |    15 |     1 ||    16
   Cast: Ozocubu's Armour  |       |       |     1 |       ||     1
  Evoke: Wand              |       |       |     4 |       ||     4
    Use: Scroll            |       |    10 |    12 |     1 ||    23
         Potion            |       |       |     3 |       ||     3
   Stab: Sleeping          |     2 |    25 |    14 |     9 ||    50
         Distracted        |       |       |     1 |       ||     1
 Armour: Skin              |     2 |     9 |    15 |     2 ||    28
  Dodge: Dodged            |    23 |    66 |   114 |    26 ||   229
